 Dungeon Crawl Stone Soup version 0.13-a0-1590-g33f0eee (webtiles) character file.

5558 Root the Thaumaturge (level 10, -3/44 HPs)
             Began as a Spriggan Enchanter on June 13, 2013.
             Was a Priest of Kikubaaqudgha.
             Slain by a yellow wasp (9 damage)
             ... while paralysed by a yellow wasp
             ... on Level 10 of the Dungeon.
             The game lasted 00:40:41 (14567 turns).

Root the Thaumaturge (Spriggan Enchanter)          Turns: 14567, Time: 00:40:42

HP  -3/44        AC  4     Str  7      XL: 10   Next: 31%
MP  26/31        EV  4     Int 17      God: Kikubaaqudgha [***...]
Gold 489         SH  0     Dex 17      Spells:  4 memorised, 20 levels left

Res.Fire  : + . .   See Invis. : +   w - +3,+0 dagger (venom) (curse)
Res.Cold  : . . .   Warding    : .   n - +2 elf robe
Life Prot.: . . .   Conserve   : .   (shield restricted)
Res.Poison: .       Res.Corr.  : .   (helmet restricted)
Res.Elec. : .       Clarity    : .   (no cloak)
Sust.Abil.: . .     Spirit.Shd : .   (gloves unavailable)
Res.Mut.  : .       Stasis     : .   (boots unavailable)
Res.Rott. : .       Flight     : .   (no amulet)
Saprovore : . . .                    (no ring)
                                     v - ring of protection from fire

@: paralysed, mildly poisoned, slowed, very quick, quite resistant to hostile
enchantments, extremely stealthy
A: unfitting armour, see invisible, herbivore 3, speed 3, slow metabolism 2
a: Receive Corpses, Renounce Religion


You were on level 10 of the Dungeon.
You worshipped Kikubaaqudgha.
Kikubaaqudgha was greatly pleased with you.
You were not hungry.

You visited 2 branches of the dungeon, and saw 11 of its levels.

You collected 469 gold pieces.

Inventory:

Hand weapons
 a - a +1,+1 dagger {=f}
 w - a cursed +3,+0 dagger of venom (weapon)
Missiles
 d - 44 darts (quivered)
 p - 13 poisoned needles
 s - 3 darts of flame
 x - 14 darts of frost
Armour
 n - a +2 elven robe (worn)
 J - a +0 dwarven buckler
Magical devices
 r - a wand of draining (1)
 A - a wand of magic darts (15)
Comestibles
 j - 4 bread rations
 C - an apricot
 D - a lychee
Scrolls
 f - 10 scrolls of remove curse
 i - 7 scrolls of identify
 k - 3 scrolls of teleportation
 m - 4 scrolls of amnesia
 u - a scroll of fear
 F - a scroll of magic mapping
 H - a scroll of enchant weapon II
 K - a scroll of recharging {unknown}
Jewellery
 b - an uncursed ring of poison resistance {unknown}
 o - a +2,+7 ring of slaying {unknown}
 v - a ring of protection from fire (left hand)
 y - an uncursed amulet of clarity
Potions
 g - a potion of agility
 h - 9 potions of curing
 t - 2 potions of restore abilities
 z - a potion of flight
 I - 3 potions of speed
Books
 c - a book of Maledictions

   Spells                             Type                      Level
   *Corona                            Hexes                        1
   Sure Blade                         Hexes/Charms                 2
   *Ensorcelled Hibernation           Hexes/Ice                    2
   *Confuse                           Hexes                        3
   Enslavement                        Hexes                        4
   *Invisibility                      Hexes                        6
 e - Kikubaaqudgha's Catalogue of Stolen Souls
   (Kikubaaqudgha gifted it to you on level 5 of the Dungeon)

   Spells                             Type                      Level
   Animate Skeleton                   Necromancy                   1
   Lethal Infusion                    Charms/Necromancy            2
   Sublimation of Blood               Necromancy                   2
   Vampiric Draining                  Necromancy                   3
   Control Undead                     Necromancy                   4
 l - a book of Minor Magic

   Spells                             Type                      Level
   Magic Dart                         Conjuration                  1
   Blink                              Translocation                2
   Call Imp                           Summoning                    2
   Repel Missiles                     Charms/Air                   2
   Slow                               Hexes                        2
   Conjure Flame                      Conjuration/Fire             3
   Mephitic Cloud                     Conjuration/Poison/Air       3
 B - a book of the Dragon

   Spells                             Type                      Level
   Flight                             Charms/Air                   3
   Cause Fear                         Hexes                        4
   Bolt of Fire                       Conjuration/Fire             6
   Dragon Form                        Fire/Transmutation           7
   Summon Dragon                      Summoning                    9
 G - Kikubaaqudgha's Grimoire of Black Magic
   (Kikubaaqudgha gifted it to you on level 10 of the Dungeon)

   Spells                             Type                      Level
   Animate Dead                       Necromancy                   4
   Excruciating Wounds                Charms/Necromancy            5
   Dispel Undead                      Necromancy                   5
   Twisted Resurrection               Necromancy                   5
   Death Channel                      Necromancy                   6
 L - a book of the Warp

   Spells                             Type                      Level
   Recall                             Summoning/Translocation      3
   Control Teleport                   Charms/Translocation         4
   Phase Shift                        Translocation                5
   Warp Weapon                        Charms/Translocation         5
   Dispersal                          Translocation                6
   Controlled Blink                   Translocation                7
   Disjunction                        Translocation                8


   Skills:
 - Level 5.1 Short Blades
 - Level 1.1 Throwing
 - Level 3.0 Dodging
 - Level 10.2 Stealth
 - Level 1.0 Traps
 + Level 11.5 Spellcasting
 + Level 9.8 Hexes
 - Level 0.3 Necromancy


You had 20 spell levels left.
You knew the following spells:

 Your Spells              Type           Power        Failure   Level  Hunger
a - Corona                Hex            #####..      1%          1    None
b - Ensorcelled Hibernat  Hex/Ice        ####..       1%          2    None
c - Confuse               Hex            #####...     1%          3    None
d - Invisibility          Hex            #####...     21%         6    ######.


Dungeon Overview and Level Annotations

Branches:
Dungeon (10/27)            Temple (1/1) D:4             Orc (0/4) D:9
   Lair: D:8-13

Altars:
Ashenzari
Cheibriados
Elyvilon
Fedhas
Kikubaaqudgha
Makhleb
Nemelex Xobeh
Okawaru
Sif Muna
Trog
Vehumet
Xom
Yredelemnul
Zin

Shops:
D:8: *

Annotations
D:8 exclusion: oklob plant


Innate Abilities, Weirdness & Mutations

You are tiny and cannot use many weapons and most armour.
You have supernaturally acute eyesight.
You are a herbivore.
You cover ground extremely quickly.
You need consume almost no food.


Message History

You feel yourself slow down.
The yellow wasp stings you but does no damage.
Casting: Ensorcelled Hibernation
Confirm with . or Enter, or press ? or * to list all spells.
Aiming: Ensorcelled Hibernation
Press: ? - help, Shift-Dir - straight line, f/p - yellow wasp
Aim: a yellow wasp The yellow wasp struggles to resist.
The yellow wasp stings you.
You feel as though you will be slow longer.
The yellow wasp stings you.
You feel as though you will be slow longer.
The yellow wasp stings you!
You suddenly lose the ability to move!
The yellow wasp completely misses you. The yellow wasp stings you!
* * * LOW HITPOINT WARNING * * *
You are poisoned.
You feel as though you will be slow longer.
The yellow wasp stings you!
You die...
Kikubaaqudgha rasps: "You have failed me!
Welcome... death!"

.k.......# #.#.....#%##
#.#####^# #.#....<#.##
#.......## #.#...#.#...
######...# #.##)##.####
#)..# #######.......# #...#
#......ยง##.####
#####...###.####...#.#
#...........####.#...##
............@ya.#.).........
##...........##.......###..
#####...###.##.#.<...# #...#
#..........# #...#
####.#a...^# #...# #.#.....#
##.## #.#.....# #########
#.#######.......# ........#
#....>.........##


You could see a yellow wasp and a worker ant.

Vanquished Creatures
  The ghost of dck the Ruffian, an experienced CeTm (D:5)
  Grinder (D:4)
  A two-headed ogre (D:9)
  A troll (D:10)
  A hill giant skeleton (D:8)
  4 yaks (D:10)
  A wyvern (D:9)
  A steam dragon (D:10)
  An ice beast (D:7)
  2 phantoms
  An orc warrior (D:8)
  2 centaurs
  A yellow wasp (D:10)
  3 ogres
  Blork the orc (D:4)
  14 killer bees
  A water moccasin skeleton (D:4)
  5 crimson imps
  A brain worm zombie (D:9)
  A goliath beetle (D:9)
  2 big fish (D:8)
  5 hounds
  3 orc priests
  A scorpion (D:6)
  A hound skeleton (D:10)
  3 iguanas
  2 worker ants
  A deep elf soldier (D:5)
  6 orc wizards
  Ijyb (D:2)
  4 jellies
  Terence (D:3)
  A mummy (D:6)
  8 adders
  A giant centipede (D:9)
  3 worms
  A giant mite (D:4)
  A bat skeleton (D:4)
  4 giant eyeballs
  2 giant geckos
  6 oozes
  35 orcs
  4 ball pythons
  7 giant cockroaches
  11 goblins
  16 hobgoblins
  8 jackals
  12 kobolds
  3 quokkas
  18 bats
  5 giant newts
  A hobgoblin skeleton (D:7)
  2 hobgoblin zombies (D:6)
  A kobold skeleton (D:6)
  An orc skeleton (D:7)
  3 orc zombies (D:6)
  8 rats
  2 ballistomycetes (D:5)
  4 toadstools (D:8)
242 creatures vanquished.

Vanquished Creatures (others)
  An orc (D:3)
  2 goblins
  A giant newt (D:1)
  A giant spore (D:5)
  A jackal (D:5)
  A fungus (D:8)
  14 toadstools (D:8)
21 creatures vanquished.

Grand Total: 263 creatures vanquished

Notes
Turn   | Place    | Note
--------------------------------------------------------------
     0 | D:1      | Root, the Spriggan Enchanter, began the quest for the Orb.
     0 | D:1      | Reached XP level 1. HP: 9/9 MP: 4/4
    88 | D:1      | Reached XP level 2. HP: 10/13 MP: 6/6
  1224 | D:2      | Reached XP level 3. HP: 11/16 MP: 9/9
  1520 | D:2      | Noticed Ijyb
  2441 | D:2      | Learned a level 2 spell: Ensorcelled Hibernation
  2628 | D:2      | Reached skill level 4 in Short Blades
  3179 | D:2      | Killed Ijyb
  3179 | D:2      | Reached XP level 4. HP: 6/21 MP: 8/11
  3687 | D:3      | Reached skill level 5 in Short Blades
  3913 | D:3      | Found a basalt altar of Yredelemnul.
  4018 | D:3      | Reached XP level 5. HP: 18/24 MP: 9/13
  4554 | D:3      | Reached skill level 5 in Stealth
  5036 | D:3      | Learned a level 3 spell: Confuse
  5047 | D:3      | Noticed Terence
  5079 | D:3      | Killed Terence
  5315 | D:4      | Noticed Blork the orc
  5482 | D:4      | Reached skill level 6 in Stealth
  5490 | D:4      | Noticed Grinder
  5493 | D:4      | Killed Grinder
  5493 | D:4      | Reached skill level 9 in Stealth
  5493 | D:4      | Reached XP level 6. HP: 28/28 MP: 12/16
  5644 | D:4      | Found a burning altar of Makhleb.
  5644 | D:4      | Noticed a blizzard demon
  5663 | D:4      | Reached XP level 7. HP: 21/32 MP: 18/18
  5809 | D:4      | Found a staircase to the Ecumenical Temple.
  5829 | Temple   | Entered the Ecumenical Temple
  5862 | Temple   | Became a worshipper of Kikubaaqudgha
  5890 | D:4      | Killed Blork the orc
  5890 | D:4      | Reached skill level 10 in Stealth
  6365 | D:5      | Entered Level 5 of the Dungeon
  6425 | D:5      | Noticed dck's ghost (experienced CeTm)
  6932 | D:5      | Acquired Kikubaaqudgha's first power
  6932 | D:5      | Received a gift from Kikubaaqudgha
  6933 | D:5      | Identified Kikubaaqudgha's Catalogue of Stolen Souls (Kikubaaqudgha gifted it to you on level 5 of the Dungeon)
  7087 | D:5      | Paralysed by a giant eyeball for 3 turns
  7104 | D:5      | Got a pitted diamond amulet
  7107 | D:5      | Identified the amulet "Suagig" {Inacc +Blink rC++ Dex+1} (You found it on level 5 of the Dungeon)
  7885 | D:5      | Reached skill level 5 in Spellcasting
  7885 | D:5      | Reached XP level 8. HP: 36/36 MP: 22/24
  7951 | D:5      | Killed dck's ghost
  8224 | D:5      | Found a glowing silver altar of Zin.
  8224 | D:5      | Noticed an angel
 10190 | D:7      | Reached skill level 5 in Hexes
 10975 | D:8      | Found a blossoming altar of Fedhas.
 10989 | D:8      | Reached XP level 9. HP: 39/39 MP: 23/27
 11017 | D:8      | Noticed an oklob plant
 11056 | D:8      | Found a shimmering altar of Xom.
 11075 | D:8      | Acquired Kikubaaqudgha's second power
 11185 | D:8      | Reached skill level 1 in Traps
 11300 | D:8      | Noticed a hill giant skeleton
 12054 | D:8      | Killed a hill giant skeleton
 12096 | D:8      | Found a radiant altar of Vehumet.
 12228 | D:8      | Found Jaff's General Store.
 12526 | D:9      | Found a staircase to the Orcish Mines.
 12701 | D:9      | Reached skill level 10 in Spellcasting
 12810 | D:9      | Noticed an eight-headed hydra skeleton
 12875 | D:10     | Entered Level 10 of the Dungeon
 13060 | D:9      | Learned a level 6 spell: Invisibility
 13587 | D:10     | Paralysed by a giant eyeball for 3 turns
 13640 | D:10     | Reached XP level 10. HP: 42/44 MP: 24/30
 13708 | D:10     | Paralysed by a giant eyeball for 4 turns
 13896 | D:10     | Paralysed by a giant eyeball for 3 turns
 14037 | D:10     | Received a gift from Kikubaaqudgha
 14037 | D:10     | Reached skill level 11 in Spellcasting
 14038 | D:10     | Identified Kikubaaqudgha's Grimoire of Black Magic (Kikubaaqudgha gifted it to you on level 10 of the Dungeon)
 14565 | D:10     | Paralysed by a yellow wasp for 3 turns
 14567 | D:10     | Slain by a yellow wasp

Action                   |  1- 3 |  4- 6 |  7- 9 | 10-12 || total
-------------------------+-------+-------+-------+-------++-------
Melee: Dagger            |   204 |   200 |   440 |    37 ||   881
       Short sword       |    82 |       |       |       ||    82
Throw: Dart              |    52 |     1 |       |       ||    53
 Cast: Ensorcelled Hiber |     4 |    11 |    30 |    13 ||    58
       Confuse           |       |       |    42 |     4 ||    46
Evoke: Wand              |       |       |     1 |     1 ||     2
  Use: Scroll            |     3 |     6 |    11 |     1 ||    21
       Potion            |     1 |       |    10 |     1 ||    12
 Stab: Sleeping          |    10 |    15 |    59 |     9 ||    93
       Distracted        |     1 |     1 |     5 |     1 ||     8
       Confused          |       |       |    13 |       ||    13
